 Dungeon Crawl Stone Soup version 0.18.1-47-g9310371 (webtiles) character file.

89 rftp080 the Magician (level 4, 0/33 HPs)
             Began as a Ghoul Wizard on June 20, 2016.
             Rotted away (potion of mutation)
             ... on level 1 of the Dungeon.
             The game lasted 00:07:55 (3382 turns).

rftp080 the Magician (Ghoul Wizard)                 Turns: 3382, Time: 00:07:56

Health: 0/33       AC:  2    Str: 15      XL:     4   Next: 55%
Magic:  7/7        EV: 11    Int: 13 (14) God:
Gold:   94         SH:  0    Dex:  6 (7)  Spells: 3 memorised, 3 levels left

rFire  . . .     SeeInvis .     m - +0 spear
rCold  + . .     Gourm    .     a - +0 robe
rNeg   + + +     Faith    .     (no shield)
rPois  ∞         Spirit   .     b - +0 hat
rElec  .         Dismiss  .     (no cloak)
rCorr  .         Reflect  .     (no gloves)
SustAt .         Harm     .     (no boots)
MR     .....                    (no amulet)
Stlth  +.........               (no ring)
                                (no ring)

@: confused, mighty, flying, rotting, not resistant to hostile enchantments,
very unstealthy
A: rotting body, claws 1, carnivore 3, cold resistance 1, negative energy
resistance 3, slow regeneration 1, torment resistance, unbreathing
a: no special abilities


You were on level 1 of the Dungeon.
You were not hungry.

You visited 1 branch of the dungeon, and saw 2 of its levels.

You collected 94 gold pieces.

Inventory:

Hand Weapons
 g - a +0 mace
 m - a +0 spear (weapon)
 q - a +1 dagger of holy wrath
Missiles
 e - 107 stones (quivered)
 h - 17 sling bullets
 p - a throwing net
Armour
 a - a +0 robe (worn)
 b - a +0 hat (worn)
Scrolls
 i - 2 scrolls of remove curse {unknown}
 j - 4 scrolls of teleportation {unknown}
 k - 2 scrolls of amnesia {unknown}
 o - 3 scrolls of enchant armour {unknown}
Potions
 s - a potion of mutation
 t - a potion of resistance {unknown}
Books
 c - a book of Minor Magic

   Spells                             Type                      Level
   a - Magic Dart                     Conjuration                  1
   b - Blink                          Translocation                2
   c - Call Imp                       Summoning                    2
   d - Repel Missiles                 Charms/Air                   2
   e - Slow                           Hexes                        2
   f - Conjure Flame                  Conjuration/Fire             3
   g - Mephitic Cloud                 Conjuration/Poison/Air       3
Comestibles
 d - a meat ration
 f - a royal jelly


   Skills:
 - Level 1.7 Dodging
 - Level 2.1 Stealth
 - Level 3.1 Spellcasting
 * Level 3.0 Conjurations
   Level 0.8 Summonings
 - Level 0.8 Translocations


You had 3 spell levels left.
You knew the following spells:

 Your Spells              Type           Power        Failure   Level  Hunger
a - Magic Dart            Conj           ##..         10%         1    #......
b - Blink                 Tloc           N/A          24%         2    ##.....
c - Mephitic Cloud        Conj/Pois/Air  #.......     52%         3    ###....


Dungeon Overview and Level Annotations

Branches:
Dungeon (2/15)

Altars:


Innate Abilities, Weirdness & Mutations

Your body is rotting away.
You thrive on raw meat.
You are immune to poison.
You have sharp fingernails.
You are carnivorous and can eat meat at any time.
Your flesh is cold resistant.
You are immune to negative energy.
You regenerate slowly when monsters are visible.
You are immune to unholy pain and torment.
You can survive without breathing.


Message History

A kobold comes into view. It is wielding a whip.
The kobold moves out of view.
Drink which item? (? for menu, Esc to quit)
It was a potion of flight.
You feel very buoyant.
You fly up into the air.
The gnoll barely misses you.
Drink which item? (? for menu, Esc to quit)
It was a potion of might.
You feel very mighty all of a sudden. The gnoll hits you with a flail.
* * * LOW HITPOINT WARNING * * *
Drink which item? (? for menu, Esc to quit)
It was a potion of ambrosia.
You are confused.
You feel invigorated. The gnoll hits you with a flail.
* * * LOW HITPOINT WARNING * * *
Drink which item? (? for menu, Esc to quit)
It was a potion of mutation.
You feel extremely strange.
Your body decomposes!
You die...

..........# #.#.# #.#.#
♣♣♣♣♣.....## #.#.# #.#.# ♣
♣♣.....# #.#.####.#.#
######.....## #.#......#.#
#....#♣♣♣...## #.#.###..#.#
#....# ♣♣...# #.#......#.#
.....####♣...♣ #.#.####.#.##
.....#..###♣.♣####.#.........#
####'#....##.♣#.@g.###########
.....#.....#..#.#######......#
.8...##'##.#..........#.#.####
.....#...#.#......##.##.#.#
..⌠.8#.<.#.'......#...#.#.####
.....#...#.#......###.#.#....#
.8.8.#####.#.♣#.......#.#....#
.....#.....#..#.#.#####......#
#'####....##..#.#.........#.##


You could see a gnoll.

Vanquished Creatures
  An adder (D:2)
  4 gnolls
  2 dart slugs
  A giant gecko (D:2)
  A ball python (D:1)
  10 bats
  2 giant cockroaches
  A goblin (D:2)
  3 hobgoblins (D:1)
  5 kobolds
  A giant newt (D:2)
  6 rats
37 creatures vanquished.

Notes
Turn   | Place    | Note
--------------------------------------------------------------
     0 | D:1      | rftp080 the Ghoul Wizard began the quest for the Orb.
     0 | D:1      | Reached XP level 1. HP: 14/14 MP: 3/3
    18 | D:1      | Reached skill level 1 in Conjurations
   257 | D:1      | Reached XP level 2. HP: 19/20 MP: 0/4
   363 | D:1      | Learned a level 2 spell: Blink
  1656 | D:2      | Reached XP level 3. HP: 25/25 MP: 4/6
  1668 | D:2      | Learned a level 3 spell: Mephitic Cloud
  2396 | D:2      | Reached XP level 4. HP: 20/33 MP: 0/7
  3382 | D:1      | Rotted away (potion of mutation)

Skill      XL: |  1  2  3  4 |
---------------+-------------+-----
Conjurations   | 1 2 3 |  3.0
Spellcasting   | 3 |  3.1
Dodging        | |  1.7
Stealth        | |  2.1
Summonings     | |  0.8
Translocations | |  0.8

Action                   |  1- 3 |  4- 6 || total
-------------------------+-------+-------++-------
Melee: Unarmed           |    40 |       ||    40
       Spear             |    20 |    34 ||    54
 Cast: Magic Dart        |    61 |    32 ||    93
  Use: Potion            |     3 |     3 ||     6
 Stab: Sleeping          |     1 |       ||     1
  Eat: Chunk             |    19 |     8 ||    27
Armor: Robe              |    28 |    13 ||    41
Dodge: Dodged            |    46 |    27 ||    73
